 Dungeon Sprint DCSS version 0.18-a0-1789-gbeff17f (webtiles) character file.

12700000 namelastname112 the Axe Maniac (level 27, -7/323 HPs)
             Began as a Demonspawn Gladiator on Apr 21, 2016.
             Was the Champion of Makhleb.
             Mangled by a fleshlord
             ... wielding a +9 great mace
              (99 damage)
             ... in the Dungeon (Sprint VIII: "Arena of Blood").
             The game lasted 00:02:29 (127 turns).

namelastname112 the Axe Maniac (DsGl)                Turns: 127, Time: 00:02:29

Health: -7/323     AC: 10    Str: 26    XL:     27
Magic:  47/54      EV: 31    Int: 10    God:    Makhleb [******]
Gold:   0          SH:  0    Dex: 16    Spells: 0 memorised, 80 levels left

rFire  . . .     SeeInvis .     l - +∞ Axe of Woe
rCold  + + .     Gourm    .     b - +0 leather armour
rNeg   . . .     Faith    .     (shield currently unavailable)
rPois  .         Spirit   .     (helmet unavailable)
rElec  .         Dismiss  .     (no cloak)
rCorr  .         Reflect  .     (no gloves)
SustAt .         Harm     .     (no boots)
MR     ++...     NoTele   +     (no amulet)
Stlth  ++++++++++               (no ring)
                                (no ring)

@: hasted and slowed, very resistant to hostile enchantments, uncannily stealthy
A: horns 3, icy blue scales 3, cold resistance 1, icemail, nightstalker 3,
robust 3, freezing cloud immunity
a: Minor Destruction, Lesser Servant of Makhleb, Major Destruction, Greater
Servant of Makhleb, Renounce Religion


You were in the Dungeon.
You worshipped Makhleb.
Makhleb was exalted by your worship.
You were not hungry.

You visited 1 branch

Inventory:

Hand Weapons
 a - a +0 war axe
 l - the +∞ Axe of Woe (weapon)
   (You found it in the Dungeon)
Missiles
 d - 3 throwing nets (quivered)
Armour
 b - a +0 leather armour (worn)
 c - a +0 helmet
Scrolls
 k - a scroll of blinking
Potions
 e - a potion of curing
 g - a potion of heal wounds
 i - 2 potions of magic
 j - a potion of berserk rage
Comestibles
 f - a bread ration


   Skills:
 O Level 27 Fighting
 O Level 27 Axes
 O Level 27 Throwing
 O Level 27 Armour
 O Level 27 Dodging
 O Level 27 Stealth
 O Level 27 Unarmed Combat
 O Level 27 Spellcasting
 O Level 27 Invocations


You had 80 spell levels left.
You didn't know any spells.

Dungeon Overview and Level Annotations

Branches:
Dungeon (1/1)

Altars:
Makhleb


Innate Abilities, Weirdness & Mutations

You have a pair of large horns on your head.
You are completely covered in icy blue scales (AC +4, EV -1, rC+).
Your flesh is cold resistant.
A meltable icy envelope protects you from harm (AC +0).
You are completely attuned to the shadows.
You are extremely robust (+30% HP).
You are immune to freezing clouds.


Message History

The fleshlord gestures wildly while chanting.
The fleshlord seems to speed up.
You hear a shout! x4
A hell beast and a vampire knight come into view.
Drink which item? (? for menu, Esc to quit)
You feel yourself speed up.
The meat beast moves out of view.
You hear a shout! x4
The fleshlord points at you and mumbles some strange words.
You feel as though you will be slow longer.
You hear a shout! x3
The destroyer blinks!
You hear a shout! x2
The eight-headed meat hydra calls on the powers of darkness!
The eight-headed meat hydra convulses!
Your body is wracked with pain!
You hear a shout!
The meat berserker hits you with a +9 battleaxe!!!
* * * LOW HITPOINT WARNING * * *
You hear a shout! x3
The fleshlord hits you with a +9 great mace!!!!
You die...

..... .. #... .#
. #... ..#
..###... ...###.
......###..o...
..o.._%.....
#..o.)# ..
#_op%_#
....#))@Op#...
.....V))_)))...
......D###V.L...
..###... ...###.
. #... ...#
#.... ..# .....
.. .o..


You could see a tyrant, an eight-headed meat hydra, 2 destroyers, 2 fleshlords,
a meat berserker (berserk) and 4 bags of meat.

Vanquished Creatures
  A hell beast (D)
  4 great orbs of eyes (D)
  3 wraiths (D)
  13 vampire knights (D)
  29 ogres (D)
  2 liches (D)
  A hydra (D)
  35 orcs (D)
  2 phantoms (D)
  A hill giant (D)
  4 skeletal warriors (D)
  A sea snake (D)
  3 large abominations (D)
  3 small abominations (D)
  A crawling corpse (D)
103 creatures vanquished.

Notes
Turn   | Place    | Note
--------------------------------------------------------------
     0 | D        | namelastname112 the Demonspawn Gladiator began the quest for the Orb.
     0 | D        | Reached XP level 1. HP: 16/16 MP: 1/1
     3 | D        | Noticed a meat berserker
     4 | D        | Became a worshipper of Makhleb the Destroyer
     5 | D        | Killed a meat berserker
     5 | D        | Reached skill level 10 in Throwing
     5 | D        | Gained mutation: You are partially covered in icy blue scales (AC +1). [demonic ancestry]
     5 | D        | Reached XP level 2. HP: 39/39 MP: 2/2
     5 | D        | Gained mutation: You have a pair of small horns on your head. [demonic ancestry]
     5 | D        | Reached XP level 3. HP: 45/45 MP: 3/3
     5 | D        | Reached XP level 4. HP: 52/52 MP: 4/4
     5 | D        | Gained mutation: You are slightly more attuned to the shadows. [demonic ancestry]
     5 | D        | Reached XP level 5. HP: 58/58 MP: 5/5
     5 | D        | Gained mutation: You are mostly covered in icy blue scales (AC +3, EV -1). [demonic ancestry]
     5 | D        | Reached XP level 6. HP: 65/65 MP: 6/6
     5 | D        | Gained mutation: Your flesh is cold resistant. [demonic ancestry]
     5 | D        | Reached XP level 7. HP: 71/71 MP: 7/7
     5 | D        | Gained mutation: You are immune to freezing clouds. [demonic ancestry]
     5 | D        | Reached XP level 8. HP: 77/77 MP: 8/8
     5 | D        | Reached XP level 9. HP: 83/83 MP: 9/9
     5 | D        | Gained mutation: You have a pair of horns on your head. [demonic ancestry]
     5 | D        | Reached XP level 10. HP: 90/90 MP: 10/10
     5 | D        | Gained mutation: A meltable icy envelope protects you from harm (AC +0). [demonic ancestry]
     5 | D        | Reached XP level 11. HP: 96/96 MP: 11/11
     5 | D        | Gained mutation: You are completely covered in icy blue scales (AC +4, EV -1, rC+). [demonic ancestry]
     5 | D        | Reached XP level 12. HP: 103/103 MP: 12/12
     5 | D        | Reached XP level 13. HP: 109/109 MP: 13/13
     6 | D        | Noticed a meat berserker
     6 | D        | epen: ну
     7 | D        | Noticed a bag of meat
     7 | D        | Noticed a bag of meat
     7 | D        | Noticed a meat berserker
     8 | D        | epen: бля
     9 | D        | Killed a meat berserker
     9 | D        | Reached * piety under Makhleb
     9 | D        | Reached skill level 15 in Fighting
     9 | D        | Gained mutation: You have a pair of large horns on your head. [demonic ancestry]
     9 | D        | Reached XP level 14. HP: 123/123 MP: 14/14
    10 | D        | Noticed a meat berserker
    10 | D        | Noticed a bag of meat
    11 | D        | Killed a meat berserker
    11 | D        | Reached XP level 15. HP: 134/134 MP: 15/15
    13 | D        | Killed a meat berserker
    13 | D        | Reached ** piety under Makhleb
    13 | D        | Reached skill level 15 in Armour
    13 | D        | Reached XP level 16. HP: 116/148 MP: 16/16
    13 | D        | Reached *** piety under Makhleb
    13 | D        | Reached skill level 27 in Axes
    18 | D        | epen: чё бы не жить дальше
    18 | D        | Gained mutation: You are robust (+10% HP). [demonic ancestry]
    18 | D        | Reached XP level 17. HP: 157/179 MP: 17/17
    20 | D        | Noticed a meat berserker
    21 | D        | Reached **** piety under Makhleb
    23 | D        | Killed a meat berserker
    23 | D        | Reached skill level 27 in Dodging
    23 | D        | Reached XP level 18. HP: 199/199 MP: 18/18
    25 | D        | Noticed a meat berserker
    25 | D        | Reached ***** piety under Makhleb
    25 | D        | Reached skill level 27 in Fighting
    25 | D        | Reached skill level 27 in Armour
    27 | D        | Noticed a destroyer
    28 | D        | Noticed a meat berserker
    29 | D        | Killed a meat berserker
    29 | D        | Reached XP level 19. HP: 207/207 MP: 19/19
    29 | D        | Killed a destroyer
    29 | D        | Reached skill level 27 in Throwing
    29 | D        | Killed a meat berserker
    29 | D        | Reached skill level 10 in Stealth
    29 | D        | Reached XP level 20. HP: 216/216 MP: 19/33
    29 | D        | Reached ****** piety under Makhleb
    29 | D        | Reached skill level 15 in Invocations
    30 | D        | Noticed a meat berserker
    30 | D        | namelastname112: нахуя?
    30 | D        | namelastname112: скучно
    30 | D        | Noticed a destroyer
    32 | D        | Reached skill level 15 in Stealth
    33 | D        | Killed a meat berserker
    33 | D        | Reached XP level 21. HP: 224/224 MP: 19/43
    34 | D        | Noticed a destroyer
    36 | D        | Reached skill level 27 in Invocations
    39 | D        | Killed a destroyer
    39 | D        | Gained mutation: You are significantly more attuned to the shadows. [demonic ancestry]
    39 | D        | Reached XP level 22. HP: 233/233 MP: 21/50
    39 | D        | Reached skill level 27 in Stealth
    40 | D        | Killed a destroyer
    40 | D        | Reached skill level 27 in Unarmed Combat
    40 | D        | Reached skill level 27 in Spellcasting
    42 | D        | Gained mutation: You are very robust (+20% HP). [demonic ancestry]
    42 | D        | Reached XP level 23. HP: 233/262 MP: 21/54
    50 | D        | Noticed a destroyer
    56 | D        | Gained mutation: You are extremely robust (+30% HP). [demonic ancestry]
    56 | D        | Reached XP level 24. HP: 224/295 MP: 26/54
    58 | D        | Killed a destroyer
    61 | D        | Noticed a destroyer
    61 | D        | Reached XP level 25. HP: 304/304 MP: 27/54
    64 | D        | Noticed a tyrant
    64 | D        | epen: грустно как-то
    65 | D        | Noticed a destroyer
    66 | D        | Killed a destroyer
    68 | D        | Noticed a destroyer
    69 | D        | Noticed a destroyer
    69 | D        | Killed a tyrant
    69 | D        | Gained mutation: You are completely attuned to the shadows. [demonic ancestry]
    69 | D        | Reached XP level 26. HP: 314/314 MP: 29/54
    74 | D        | Noticed a destroyer
    74 | D        | Killed a destroyer
    74 | D        | Reached XP level 27. HP: 323/323 MP: 30/54
    74 | D        | Killed a destroyer
    77 | D        | Killed a destroyer
    78 | D        | Killed a destroyer
    79 | D        | Noticed a destroyer
    82 | D        | Killed a destroyer
   105 | D        | Noticed a meat beast
   108 | D        | Noticed a dread
   111 | D        | Killed a meat beast
   112 | D        | Noticed a destroyer
   112 | D        | Noticed a dread
   112 | D        | Killed a destroyer
   114 | D        | Killed a dread
   115 | D        | Noticed a tyrant
   117 | D        | Noticed a dread
   118 | D        | Noticed a destroyer
   118 | D        | Killed a dread
   120 | D        | Killed a tyrant
   120 | D        | Killed a destroyer
   122 | D        | Noticed a destroyer
   123 | D        | Noticed a destroyer
   123 | D        | Noticed a fleshlord
   124 | D        | Noticed a fleshlord
   124 | D        | Noticed a destroyer
   124 | D        | Killed a destroyer
   125 | D        | Killed a dread
   127 | D        | Noticed a destroyer
   127 | D        | Noticed a meat beast
   127 | D        | Mangled by a fleshlord

Vault maps used:
D:        meatsprint

Skill      XL: |  1  2  3  4  5  6  7  8  9 10 11 12 13 14 15 16 17 18 19 20 21 22 |
---------------+-------------------------------------------------------------------+-----
Fighting       | 12 15 17 20 23 26 27 | 27.0
Axes           | 18 21 23 26 27 | 27.0
Throwing       | 10 21 27 | 27.0
Dodging        | 18 20 21 23 25 27 | 27.0
Armour         | 9 12 15 19 23 27 | 27.0
Stealth        | 10 19 26 27 | 27.0
Unarmed Combat | 9 18 24 27 | 27.0
Spellcasting   | 9 18 24 27 | 27.0
Invocations    | 13 23 27 | 27.0

Action                   |  1- 3 |  4- 6 |  7- 9 | 10-12 | 13-15 | 16-18 | 19-21 | 22-24 | 25-27 || total
-------------------------+-------+-------+-------+-------+-------+-------+-------+-------+-------++-------
Melee: Executioner's axe |     1 |       |       |       |     3 |     7 |     7 |    12 |    31 ||    61
  Use: Potion            |       |       |       |       |       |       |       |       |     1 ||     1
Armor: Leather armour    |       |       |       |       |       |       |       |       |     1 ||     1
Dodge: Dodged            |       |       |       |       |       |       |     2 |     1 |     5 ||     8
